 Dungeon Crawl Stone Soup version 0.22.1-2-g9c5b331383 (webtiles) character file.

25 Knicklaso the Magician (level 2, -2/21 HPs)
             Began as a Demonspawn Wizard on Nov 26, 2018.
             Slain by a worm (11 damage)
             ... on level 2 of the Dungeon.
             The game lasted 00:02:12 (1257 turns).

Knicklaso the Magician (Demonspawn Wizard)          Turns: 1257, Time: 00:02:13

Health: -2/21      AC:  2    Str:  7    XL:     2   Next: 82%
Magic:  2/6        EV: 12    Int: 19    God:
Gold:   55         SH:  0    Dex: 11    Spells: 4/7 levels left

rFire    . . .     SeeInvis .   e - +0 short sword
rCold    . . .     Gourm    .   (no shield)
rNeg     . . .     Faith    .   a - +0 robe
rPois    .         Spirit   .   b - +0 hat
rElec    .         Reflect  .   (no cloak)
rCorr    .         Harm     .   (no gloves)
MR       .....                  (no boots)
Stlth    ++........             (no amulet)
HPRegen  0.07/turn              (no ring)
MPRegen  0.10/turn              (no ring)

@: no status effects
A: demonic guardian 1
a: no special abilities


You were on level 2 of the Dungeon.
You were very hungry.

You visited 1 branch of the dungeon, and saw 2 of its levels.

You collected 55 gold pieces.

Inventory:

Hand Weapons
 e - a +0 short sword (weapon)
Armour
 a - a +0 robe (worn)
 b - a +0 hat (worn)
Jewellery
 i - a +3 amulet of reflection {unknown}
Scrolls
 c - a scroll of teleportation {unknown}
 h - a scroll of enchant weapon {unknown}
Potions
 g - a potion of flight {unknown}
Comestibles
 d - 2 rations


   Skills:
 + Level 1.0 Fighting
 - Level 1.7 Dodging
 - Level 1.7 Stealth
 + Level 3.2 Spellcasting
 - Level 1.8 Conjurations
 * Level 1.3 Summonings
   Level 0.8 Translocations


You had 4 spell levels left.
You knew the following spells:

 Your Spells              Type           Power        Failure   Level  Hunger
a - Magic Dart            Conj           ##..         7%          1    None
d - Call Imp              Summ           #.......     13%         2    ##.....

Your spell library contained the following spells:

 Spells                   Type           Power        Failure   Level  Hunger
 Blink                    Tloc           N/A          16%         2    ##.....
 Slow                     Hex            #.......     22%         2    ##.....
 Conjure Flame            Conj/Fire      #.......     30%         3    ###....
 Mephitic Cloud           Conj/Pois/Air  #.......     34%         3    ###....


Dungeon Overview and Level Annotations

Branches:
Dungeon (2/15)

Altars:


Innate Abilities, Weirdness & Mutations

A weak demonic guardian rushes to your aid.


Message History

The ooze is almost dead.
Your crimson imp hits the ooze.
The ooze dies!
Your Fighting skill increases to level 1!
Your crimson imp hits the worm.
You swap places.
Your crimson imp hits the worm.
You hit the worm but do no damage.
The worm is moderately wounded.
The worm bites you!
Your crimson imp barely misses the worm.
The worm bites you.
Your crimson imp hits the worm.
You hit the worm but do no damage.
The worm is moderately wounded.
Your white imp hits the worm.
Your white imp freezes the worm.
Your crimson imp barely misses the worm.
You hit the worm but do no damage.
The worm is heavily wounded.
The worm bites you!
Ouch! That really hurt!
You die...

...... .... .... ...
..# # #.# .#
#.##.#### #@w......
#55#.##### #.........
#....#####
################...>#
..................#.#
#################.#.#
..#.# #### #


You could see a worm, a friendly crimson imp and a friendly white imp.

Vanquished Creatures
  5 bats (D:1)
  2 giant cockroaches (D:1)
  2 goblins (D:1)
  3 hobgoblins (D:1)
  2 kobolds (D:1)
  A ball python (D:1)
  5 frilled lizards (D:1)
  A rat (D:1)
21 creatures vanquished.

Vanquished Creatures (collateral kills)
  An ooze (D:2)
1 creature vanquished.

Grand Total: 22 creatures vanquished

Notes
Turn   | Place    | Note
-------+----------+-------------------------------------------
     0 | D:1      | Knicklaso the Demonspawn Wizard began the quest for the
                  | Orb.
     0 | D:1      | Reached XP level 1. HP: 13/13 MP: 4/4
   355 | D:1      | Gained mutation: A weak demonic guardian rushes to your
                  | aid. [demonic ancestry]
   355 | D:1      | Reached XP level 2. HP: 19/20 MP: 0/6
   611 | D:1      | Learned a level 2 spell: Call Imp
  1252 | D:2      | Reached skill level 1 in Fighting
  1257 | D:2      | Slain by a worm

Skill      XL: |  1  2 |
---------------+-------+-----
Fighting       | 1 |  1.0
Dodging        | |  1.7
Stealth        | |  1.7
Spellcasting   | |  3.2
Conjurations   | |  1.8
Summonings     | |  1.3
Translocations | |  0.8

Action                   || total
-------------------------++-------
Melee: Unarmed           ||    11
       Short sword       ||    20
 Cast: Magic Dart        ||    41
       Call Imp          ||     4
Armor: Robe              ||     6
Dodge: Dodged            ||    20
